 Dungeon Crawl Stone Soup version 0.24-a0-699-g5a66b1aa3b (webtiles) character file.

Game seed: 1242657683753398233, levelgen mode: deterministic

818 Flugkiller the Sneak (level 7, 0/50 HPs)
             Began as an Octopode Hunter on Sept 29, 2019.
             Was a Priest of Jiyva.
             Slain by a mummy (8 damage)
             ... in an ossuary.
             The game lasted 00:10:47 (5479 turns).

Flugkiller the Sneak (Octopode Hunter)              Turns: 5479, Time: 00:10:47

Health: 0/50       AC:  1    Str: 10    XL:     7   Next: 94%
Magic:  7/7        EV: 14    Int: 11    God:    Jiyva [***...]
Gold:   253        SH:  9    Dex: 18    Spells: 6/6 levels left

rFire    . . .     SeeInvis .   b - +0 short sword
rCold    . . .     Gourm    .   v - +0 shield
rNeg     . . .     Faith    .   (helmet restricted)
rPois    .         Spirit   .   (no amulet)
rElec    .         Reflect  .   p - ring of wizardry
rCorr    +         Harm     .   (no ring)
MR       .....                  (no ring)
Stlth    ++++......             (no ring)
HPRegen  0.16/turn              (no ring)
MPRegen  0.10/turn              (no ring)
                                (no ring)
                                (no ring)

@: no status effects
A: almost no armour, stealthy swim, amphibious, 8 rings, constrict 8, camouflage
1, gelatinous body 1
a: Request Jelly, Renounce Religion


You were in an ossuary.
You worshipped Jiyva.
Jiyva was most pleased with you.
You were hungry.

You visited 1 branch of the dungeon, and saw 8 of its levels.
You also visited: Ossuary.

You collected 253 gold pieces.

Inventory:

Hand Weapons
 a - a +1 hunting sling
 b - a +0 short sword (weapon)
Missiles
 c - 20 sling bullets
 e - 150 stones (quivered)
 n - 21 poisoned darts
 u - 8 javelins
Armour
 v - a +0 shield (worn)
   (You found it on level 5 of the Dungeon)
Jewellery
 p - a ring of wizardry (left tentacle)
   (You found it on level 4 of the Dungeon)
Scrolls
 f - 2 scrolls of teleportation
 g - a scroll of immolation {unknown}
 h - a scroll of noise {unknown}
 i - a scroll of enchant armour {unknown}
 j - a scroll of random uselessness {unknown}
 l - a scroll of magic mapping
 m - a scroll of identify
 q - a scroll of enchant weapon
 r - a scroll of blinking {unknown}
Potions
 k - a potion of brilliance
 s - 2 potions of curing
 t - a potion of ambrosia
 w - a potion of haste
Comestibles
 d - 5 rations
 o - 4 chunks of flesh


   Skills:
 - Level 5.0 Fighting
 - Level 4.0 Slings
 - Level 5.1 Dodging
 - Level 5.1 Stealth
 + Level 3.8 Shields


You had 6 spell levels left.
You didn't know any spells.
Your spell library was empty.

Dungeon Overview and Level Annotations

Branches:
Dungeon (9/15)            Ossuary (1/1)
 Temple: D:4-7         Lair: D:8-11         Orc: D:9-12

Altars:
Cheibriados
Ru
Sif Muna
Zin
Jiyva

Annotations:
D:8 Gastronok


Innate Abilities, Weirdness & Mutations

You cannot wear most types of armour.
You are very stealthy in the water. (Stealth+)
You are amphibious.
You can wear up to eight rings at the same time.
You can use your tentacles to constrict eight enemies at once.
Your skin changes colour to match your surroundings (Stealth+).
Your rubbery body absorbs attacks. (AC +1, EV +1)


Message History

Unknown command.
You hit the centaur zombie.
The centaur zombie is severely damaged.
The centaur zombie misses you. You block the centaur zombie's attack.
Unknown command.
You hit the centaur zombie. You squeeze the centaur zombie.
You destroy the centaur zombie!
Unknown command.
A mummy and 2 zombies come into view. 2 zombies come into view.
Some of the chunks of flesh in your inventory have rotted away.
The mummy hits the jelly!!
The jelly dies!
There is a gate leading back out of this place here.
There is an empty arch of ancient stone here.
There is a gate leading back out of this place here.
There is an open door, spattered with blood here.
You close the door.
The helpless elf zombie fails to defend itself.
You puncture the elf zombie! You grab the elf zombie.
The elf zombie is moderately damaged.
You constrict the elf zombie. The elf zombie hits you.
* * * LOW HITPOINT WARNING * * *
You hit the elf zombie.
The elf zombie is moderately damaged.
You constrict the elf zombie. You block the elf zombie's attack.
Unknown command.
You hit the elf zombie.
The elf zombie is moderately damaged.
You constrict the elf zombie. You block the elf zombie's attack.
Unknown command.
You hit the elf zombie.
The elf zombie is heavily damaged.
You constrict the elf zombie. The elf zombie hits you.
* * * LOW HITPOINT WARNING * * *
You hit the elf zombie.
The elf zombie is heavily damaged.
You constrict the elf zombie. You block the elf zombie's attack.
Unknown command.
You hit the elf zombie.
The elf zombie is severely damaged.
You constrict the elf zombie. You block the elf zombie's attack.
Unknown command.
You hit the elf zombie.
The elf zombie is severely damaged.
You constrict the elf zombie. The elf zombie hits you.
* * * LOW HITPOINT WARNING * * *
You release your grip on the elf zombie.
The mummy hits you!
You die...

### ###.###
##.....##
#.......#
#.......#
#.M.....#
#Z@...#
###.### #+#
###.###
##.....##
#...Z...#
##...∩...##
+...∩∩∩...+
##...∩...##


You could see a mummy and an elf zombie.

Vanquished Creatures
  Sigmund (D:3)
  2 ogres
  2 centaur zombies (Ossuary)
  3 orc priests
  A bullfrog skeleton (D:4)
  A human zombie (Ossuary)
  2 hounds
  4 orc wizards
  3 iguanas
  2 worker ants (D:4)
  3 gnolls (D:4)
  5 adders
  A worm (D:4)
  2 dart slugs
  5 leopard geckos
  18 orcs
  6 bats
  6 giant cockroaches
  9 goblins
  6 hobgoblins
  6 jackals
  5 quokkas
  2 ball pythons
  6 frilled lizards
  7 kobolds
  4 rats
112 creatures vanquished.

Vanquished Creatures (others)
  A phantom (D:5)
  An orc priest (D:3)
  4 jellies
  A worker ant (D:6)
  An adder (D:5)
  An orc (D:6)
  A ball python (D:6)
  A giant cockroach (D:3)
  3 jackals (D:3)
  A bat (D:3)
15 creatures vanquished.

Grand Total: 127 creatures vanquished

Notes
Turn   | Place    | Note
-------+----------+-------------------------------------------
     0 | D:1      | Flugkiller the Octopode Hunter began the quest for the Orb.
     0 | D:1      | Reached XP level 1. HP: 14/14 MP: 1/1
   191 | D:1      | Reached XP level 2. HP: 19/19 MP: 2/2
   583 | D:1      | Reached XP level 3. HP: 24/24 MP: 3/3
  1198 | D:2      | Reached skill level 5 in Stealth
  1419 | D:2      | Found a shimmering blue altar of Sif Muna.
  1611 | D:3      | Noticed Sigmund
  1618 | D:2      | Reached XP level 4. HP: 28/29 MP: 4/4
  2289 | D:4      | Reached XP level 5. HP: 27/36 MP: 5/5
  2470 | D:3      | Found a faded altar of an unknown god.
  2472 | D:3      | Became a worshipper of Jiyva Jaebem the Shapeless
  2472 | D:3      | Reached * piety under Jiyva
  2565 | D:3      | Found a snail-covered altar of Cheibriados.
  2825 | D:3      | Reached ** piety under Jiyva
  2980 | D:3      | Killed Sigmund
  3156 | D:4      | Reached XP level 6. HP: 13/43 MP: 6/6
  3603 | D:4      | Found a glowing silver altar of Zin.
  3639 | D:3      | Reached XP level 7. HP: 12/49 MP: 7/7
  4173 | D:5      | Entered Level 5 of the Dungeon
  4221 | D:5      | Reached *** piety under Jiyva
  4599 | D:5      | Found a sacrificial altar of Ru.
  4646 | D:5      | Reached skill level 5 in Fighting
  4648 | D:5      | Reached skill level 5 in Dodging
  5212 | D:6      | You fall into a shaft and drop 3 floors!
  5267 | D:8      | Found a sand-covered staircase.
  5394 | D:8      | Noticed Gastronok
  5400 | Ossuary  | Entered an ossuary
  5479 | Ossuary  | Slain by a mummy

Levels and vault maps discovered:
D:1:      saegor_arrival_simple_e, layout_rooms
D:2:      layout_loops_ring, nicolae_overflow_hidden_temple, serial_bayou_pond_e
D:3:      layout_rooms, marbit_many_paths, chequers_ecumenical_altar_twisty,
          chequers_serial_rivers_micro_a, uniq_sigmund
D:4:      layout_rooms, lemuel_coloured_pillars_altar, grunt_decor_mini_mirrors
D:5:      layout_basic, overflow_temple_1_default, first_ration,
          kennysheep_minor_cross, kennysheep_doodads
D:6:      wander_guarded_unrand_ratskin, layout_loops_ring, okawaru_trees_1,
          uniq_edmund, uniq_grinder
D:8:      layout_layer_cave, enter_ossuary_1, basic_altar, uniq_gastronok
D:9:      layout_rooms, lair_entry_dummy, hiddenorc1_lemuel, serial_glass,
          glass_columns_b, glass_columns_a, minmay_strange_pillars,
          minmay_strange_pillars, item_on_display_a, feat_on_display,
          serial_shops, shop_fountains
Ossuary:  ossuary_minmay_four_chambers

Skill      XL: |  1  2  3  4  5  6  7 |
---------------+----------------------+-----
Stealth        | 3 4 5 |  5.1
Fighting       | 3 4 5 |  5.0
Dodging        | 3 4 5 |  5.1
Shields        | 3 |  3.8
Slings         | |  4.0

Action                   |  1- 3 |  4- 6 |  7- 9 || total
-------------------------+-------+-------+-------++-------
Melee: Short sword       |    65 |   124 |    86 ||   275
       Constrict         |    18 |    24 |    20 ||    62
       Tentacles         |     8 |    27 |    27 ||    62
       Unarmed           |       |    12 |       ||    12
 Fire: Hunting sling     |    17 |     7 |     4 ||    28
Invok: Request Jelly     |       |       |     3 ||     3
  Use: Potion            |       |     6 |     2 ||     8
       Scroll            |       |     1 |     3 ||     4
 Stab: Sleeping          |    10 |     9 |    10 ||    29
       Distracted        |     1 |       |       ||     1
       Invisible         |       |     2 |       ||     2
  Eat: Chunk             |     2 |     6 |     1 ||     9
Armor: Skin              |     9 |    38 |     3 ||    50
Dodge: Dodged            |    35 |   102 |    63 ||   200
Block: Shield            |       |       |    20 ||    20

Table legend:
 A = Non-vault XP
 B = Vault XP
 C = Vault XP percentage of total XP
 D = Non-vault monster count
 E = Vault monster count
 F = Vault count percentage of total count
                 A         B        C        D         E       F
            +---------+---------+-------+---------+---------+-------
      Total |    1076 |      93 |   8.0 |     107 |       5 |   4.5
            +---------+---------+-------+---------+---------+-------
        D:1 |      43 |       0 |   0.0 |      26 |       0 |   0.0
        D:2 |      48 |       0 |   0.0 |      15 |       0 |   0.0
        D:3 |     142 |      11 |   7.2 |      27 |       2 |   6.9
        D:4 |     474 |       0 |   0.0 |      22 |       0 |   0.0
        D:5 |      72 |       0 |   0.0 |       9 |       0 |   0.0
        D:6 |     130 |       0 |   0.0 |       2 |       0 |   0.0
        D:8 |     167 |       0 |   0.0 |       6 |       0 |   0.0
    Ossuary |       0 |      82 | 100.0 |       0 |       3 | 100.0
            +---------+---------+-------+---------+---------+-------
